AoeStats
← IGI.The_Jenk

Arabia

510379085Analyzed
2v2 RM · 1d ago on Sep 30, 2026· 58m 43s· 4 players
Game mode
Random Map
Map size
Medium (4 player)
Population
200
Speed
Normal
Resources
Standard
Victory
Conquest
Starting age
Dark Age
Ending age
Imperial Age
RankedLock teamsTeams togetherTeam positionsShared explorationLock speedFull tech treeHidden civsTurbo modeCheats
Victory
Defeat
🇹🇷 Lithuanians · Türkiye
1029
+17
🇹🇷 Cumans · Türkiye
1029
+17
🇬🇧 Varangians · United Kingdom
1062
-17
🇬🇧 Saxons · United Kingdom
1052
-17
sanctamensis
6:43 Loom
9:09 Feudal Age
9:40 Double-Bit Axe
20:50 Castle Age
20:38 Scale Barding Armor
20:44 Forging
21:55 Bloodlines
21:45 Husbandry
27:23 Chain Barding Armor
27:45 Iron Casting
32:22 Wheelbarrow
36:50 Imperial Age
37:12 Elite Leitis
37:20 Elite Leitis
39:14 Plate Barding Armor
NESIH ABE
7:33 Loom
10:38 Feudal Age
12:07 Double-Bit Axe
23:36 Castle Age
24:37 Light Cavalry
26:12 Fletching
29:59 Forging
29:46 Bodkin Arrow
38:39 Padded Archer Armor
41:25 Imperial Age
40:45 Leather Archer Armor
41:36 Ballistics
43:34 Ring Archer Armor
44:27 Chemistry
46:14 Crossbowman
48:22 Parthian Tactics
49:14 Thumb Ring
48:47 Elite Kipchak
50:18 Gold Mining
50:18 Stone Mining
50:56 Conscription
53:23 Gold Shaft Mining
IGI.The_Doctor_Bish
7:44 Loom
9:36 Feudal Age
15:57 Double-Bit Axe
19:32 Castle Age
17:16 Horse Collar
19:02 Fletching
19:52 Wheelbarrow
20:08 Padded Archer Armor
19:48 Crossbowman
21:12 Bow Saw
23:00 Heavy Plow
24:51 Ballistics
24:36 Bodkin Arrow
26:51 Leather Archer Armor
27:23 Scale Mail Armor
29:10 Squires
29:01 Gambesons
29:58 Arson
30:31 Chain Mail Armor
30:26 Forging
30:46 Hand Cart
33:55 Town Watch
37:26 Pikeman
38:21 Town Patrol
42:50 Imperial Age
42:46 Iron Casting
43:22 Thumb Ring
43:20 Elite Varangian Guard
45:30 Two-Man Saw
45:06 Arbalester
46:57 Chemistry
45:52 Halberdier
49:25 Bracer
49:55 Ring Archer Armor
49:56 Plate Mail Armor
50:20 Crop Rotation
IGI.The_Jenk
7:48 Loom
9:39 Feudal Age
10:41 Double-Bit Axe
12:34 Bloodlines
14:08 Horse Collar
21:06 Castle Age
19:24 Gold Mining
20:31 Scale Barding Armor
20:37 Stone Mining
22:53 Bow Saw
23:40 Chain Barding Armor
24:27 Forging
25:16 Wheelbarrow
25:11 Heavy Plow
26:15 Husbandry
32:22 Scale Mail Armor
32:30 Squires
32:21 Gambesons
33:59 Chain Mail Armor
35:16 Iron Casting
38:35 Imperial Age
38:51 Elite Varangian Guard
40:09 Plate Barding Armor
39:04 Capped Ram
39:27 Gothikon
40:28 Conscription
40:41 Siege Ram
42:32 Plate Mail Armor
42:28 Elite Jarl
44:08 Pikeman
44:46 Halberdier
Connection lost

Rejoining the realm…

Still unreachable

The connection could not be restored.

Session expired

The server has moved on; the page needs a fresh start.